 Dungeon Crawl Stone Soup version 0.19-a0-459-gb8ed64d (webtiles) character file.

361 esc the Magician (level 6, -7/35 HPs)
             Began as a Deep Elf Fire Elementalist on June 2, 2016.
             Was an Initiate of Vehumet.
             Mangled by a wyvern zombie (16 damage)
             ... on level 6 of the Dungeon.
             The game lasted 00:20:30 (4253 turns).

esc the Magician (Deep Elf Fire Elementalist)       Turns: 4253, Time: 00:20:31

Health: -7/35      AC:  4    Str:  5    XL:     6   Next: 38%
Magic:  15/15      EV: 14    Int: 22    God:    Vehumet [......]
Gold:   191        SH:  0    Dex: 15    Spells: 3 memorised, 8 levels left

rFire  . . .     SeeInvis .     x - +2 dagger (pain)
rCold  . . .     Gourm    .     a - +1 robe
rNeg   . . .     Faith    .     (no shield)
rPois  .         Spirit   .     (no helmet)
rElec  .         Dismiss  .     (no cloak)
rCorr  .         Reflect  .     m - +0 pair of gloves
SustAt .         Harm     +     (no boots)
MR     .....                    q - amulet of harm
Stlth  ++........               (no ring)
                                (no ring)

@: about to teleport, not resistant to hostile enchantments, unstealthy
A: no striking features
a: Renounce Religion


You were on level 6 of the Dungeon.
You worshipped Vehumet.
Vehumet was noncommittal.
You were not hungry.

You visited 2 branches of the dungeon, and saw 7 of its levels.

You collected 191 gold pieces.

Inventory:

Hand Weapons
 h - a +0 club
   (You took it off a kobold on level 1 of the Dungeon)
 i - a cursed -1 club
   (You took it off a goblin on level 1 of the Dungeon)
 l - a +0 club
   (You took it off a hobgoblin on level 1 of the Dungeon)
 p - a +0 dagger
   (You took it off a kobold on level 1 of the Dungeon)
 x - a +2 dagger of pain (weapon)
   (You found it on level 2 of the Dungeon)
Missiles
 k - 14 stones (quivered)
 o - 55 poisoned needles
 E - 3 needles of sleeping
Armour
 a - a +1 robe (worn)
 g - a +0 buckler
   (You found it on level 2 of the Dungeon)
 m - a +0 pair of gloves (worn)
   (You found it on level 2 of the Dungeon)
 n - a cursed +0 ring mail
   (You took it off a hobgoblin on level 1 of the Dungeon)
Jewellery
 j - an uncursed amulet of dismissal
   (You found it on level 1 of the Dungeon)
 q - an amulet of harm (around neck)
   (You found it on level 1 of the Dungeon)
Wands
 z - a wand of confusion (46/48)
   (You found it on level 3 of the Dungeon)
Scrolls
 d - 3 scrolls of remove curse
 y - 2 scrolls of teleportation
 D - a scroll of recharging
Potions
 e - a potion of flight
 f - 2 potions of lignification {!q}
 r - a potion of brilliance {unknown}
 t - a potion of agility {unknown}
 u - a potion of resistance {unknown}
 v - a potion of magic
 A - a potion of might
 B - a potion of invisibility {unknown}
 C - a potion of ambrosia {unknown}
Books
 b - a book of Flames
Comestibles
 c - 3 bread rations {@e1}
 s - a meat ration {@e2}
 w - a beef jerky


   Skills:
 + Level 2.2 Fighting
 + Level 4.2 Dodging
 - Level 2.4 Stealth
 + Level 5.0 Spellcasting
 + Level 3.1 Conjurations
 + Level 4.5 Fire Magic


You had 8 spell levels left.
You knew the following spells:

 Your Spells              Type           Power        Failure   Level  Hunger
a - Flame Tongue          Conj/Fire      ###..        1%          1    None
s - Sticky Flame          Conj/Fire      ###.....     21%         4    ####...
x - Throw Flame           Conj/Fire      ###...       3%          2    None


Dungeon Overview and Level Annotations

Branches:
Dungeon (6/15)             Temple (1/1) D:5

Altars:
Ashenzari
Nemelex Xobeh
Trog
Vehumet

Annotations:
D:5 incide's ghost, novice FoWn
D:6 Dowan; Duvessa


Message History

Found a staircase to the Ecumenical Temple.
There is a staircase to the Ecumenical Temple here.
You climb downwards.
Welcome to the Ecumenical Temple!
There is a staircase back to the Dungeon here.
Found a sparkling altar of Nemelex Xobeh.
Found a radiant altar of Vehumet.
There is a radiant altar of Vehumet here.
You kneel at the altar of Vehumet.
Vehumet welcomes you!
You enter the shallow water.
Moving in this stuff is going to be slow.
There is a staircase back to the Dungeon here.
You climb upwards.
Welcome back to the Dungeon!
Level annotation: incide's ghost, novice FoWn
There is a staircase to the Ecumenical Temple here.
MP restored: 15
B - a scroll of identify
Found a stone staircase leading down.
C - a silvery potion Identify which item? (\ to view known items) (? for menu, Esc to quit)
As you read the scroll of identify, it crumbles to dust.
A - a potion of might A quokka comes into view.
Aim: a quokka (resting)
The puff of flame hits the quokka.
You now have 13/15 mp.
Aim: a quokka (moderately wounded)
The puff of flame hits the quokka.
You kill the quokka!
Vehumet accepts your kill.
You now have 11/15 mp.
Incide's ghost turns its malevolent gaze towards you.
Found a scroll of remove curse.
Found a stone staircase leading down.
A howler monkey skeleton comes into view.
Incide's ghost wails.
You see here a viscous golden potion.
B - a viscous golden potion You see here a scroll of recharging.
D - a scroll of recharging Incide's ghost says, "You cannot hurt me!"
MP restored: 15 A hound comes into view.
The hound barks!
You see here 3 needles of sleeping.
E - 3 needles of sleeping The hound bites you.
You take 2 damage, and have 33/35 hp.
Found a stone staircase leading down.
The hound closely misses you.
Incide's ghost says very slowly, "There's no hope."
The hound barely misses you. The hound bites you but does no damage.
The hound barely misses you.
There is a stone staircase leading down here.
The hound bites you.
You climb downwards. 2 orcs come into view.
An orc is wielding a mace of protection.
Found a robe.
Found an escape hatch in the floor.
There is a stone staircase leading up here.
You take 6 damage, and have 28/35 hp.
The hound bites you but does no damage.
An orc wizard comes into view. It is wielding a dagger.
The orc wizard shouts!
An orc priest comes into view. It is wielding a flail.
The hound barely misses you.
An orc, an orc priest and a zombie come into view.
The orc moves out of view.
Found a scroll of recharging.
Found a stone staircase leading down.
The orc priest shouts!
The centaur zombie barely misses you. The hound bites you.
You take 1 damage, and have 27/35 hp.
The orc wizard gestures wildly while chanting.
The orc wizard blinks!
A necrophage comes into view.
The hound pauses to sniff the ground.
The hound stops to sniff the ground.
The hound closely misses you.
The orc priest miscasts a cantrip.
The hound pauses to sniff the ground.
The hound closely misses you. The hound bites you.
You take 3 damage, and have 25/35 hp.
The hound closely misses you. The hound barely misses you.
The hound closely misses you. The hound bites you. The hound misses you.
You see here a robe.
You take 1 damage, and have 25/35 hp.
A ball python, Duvessa, Dowan and a zombie come into view.
The hound closely misses you.
As you read the scroll of teleportation, it crumbles to dust.
You feel strangely unstable.
Duvessa shouts!
Dowan shouts!
The hound bites you.
You take 4 damage, and have 21/35 hp.
The wyvern zombie bites you!
* * * LOW HITPOINT WARNING * * *
The hound barely misses you. The ball python barely misses you. x2
The wyvern zombie bites you!
You die...

# .. . #.. ..
#...### ##e..
..#.... ......
......Z###.e...
......S@...#
#.#####.#h###
#. ...#Z#
#.#######o#
...###...#
..#.##o.### .
#....## #####
##.##..###
....# #..#.o##


You could see Dowan, a hound, an orc, a wyvern zombie, a centaur zombie and a
ball python.

Vanquished Creatures
  An ogre (D:5)
  A hound (D:4)
  An orc priest (D:3)
  3 worker ants
  6 adders
  3 worms
  2 dart slugs (D:1)
  2 giant geckos
  4 orcs
  3 giant cockroaches (D:3)
  8 hobgoblins
  3 jackals (D:1)
  11 kobolds
  5 quokkas
  A ball python (D:2)
  7 bats
  A giant gecko skeleton (D:3)
  7 giant newts
  5 goblins
  7 rats
81 creatures vanquished.

Notes
Turn   | Place    | Note
--------------------------------------------------------------
     0 | D:1      | esc the Deep Elf Fire Elementalist began the quest for the Orb.
     0 | D:1      | Reached XP level 1. HP: 10/10 MP: 6/6
   277 | D:1      | Reached XP level 2. HP: 10/16 MP: 2/8
   732 | D:1      | Reached skill level 1 in Fighting
   803 | D:1      | Learned a level 2 spell: Throw Flame
  1047 | D:1      | Reached XP level 3. HP: 20/20 MP: 6/9
  1757 | D:2      | Reached skill level 4 in Spellcasting
  1880 | D:2      | Reached XP level 4. HP: 25/25 MP: 7/12
  2050 | D:2      | Found a bloodstained altar of Trog.
  2233 | D:3      | Reached skill level 3 in Dodging
  2612 | D:3      | Reached skill level 2 in Conjurations
  2888 | D:3      | Reached skill level 4 in Fire Magic
  2961 | D:3      | Reached XP level 5. HP: 29/29 MP: 6/13
  3675 | D:4      | Learned a level 4 spell: Sticky Flame
  3771 | D:4      | Reached skill level 2 in Fighting
  3775 | D:4      | Found a shattered altar of Ashenzari.
  3911 | D:4      | Reached XP level 6. HP: 35/35 MP: 6/15
  4026 | D:5      | Entered Level 5 of the Dungeon
  4060 | D:5      | Noticed incide's ghost (novice FoWn)
  4112 | D:5      | Reached skill level 4 in Dodging
  4112 | D:5      | Reached skill level 5 in Spellcasting
  4112 | D:5      | Reached skill level 3 in Conjurations
  4115 | D:5      | Found a staircase to the Ecumenical Temple.
  4124 | Temple   | Entered the Ecumenical Temple
  4145 | Temple   | Became a worshipper of Vehumet
  4251 | D:6      | Noticed Duvessa
  4251 | D:6      | Noticed Dowan
  4253 | D:6      | Mangled by a wyvern zombie

Vault maps used:
D:1:      noname_arrival_rooms_in_the_neighbourhood, serial_bayou_lagoon_b
D:2:      first_bread, bloody_trog
D:3:      kennysheep_potato
D:4:      minitemple, xom_redecorated, ashenzari_conservatory_becter,
          minmay_vboxes
D:5:      lemuel_ice_spiral_2, minmay_temple_entry_junction, wad_floor_pattern_2
D:6:      kennysheep_nub, nicolae_zen_rock_garden, nemelex_dance_club_becter,
          uniq_duvessa
Temple:   hc_temple_tempest_star

Skill      XL: |  1  2  3  4  5  6 |
---------------+-------------------+-----
Fighting       | 1 2 |  2.2
Spellcasting   | 4 5 |  5.0
Dodging        | 3 4 |  4.2
Conjurations   | 2 3 |  3.1
Fire Magic     | 4 |  4.5
Stealth        | |  2.4

Action                   |  1- 3 |  4- 6 || total
-------------------------+-------+-------++-------
Melee: Club              |     6 |       ||     6
       Unarmed           |     2 |       ||     2
 Cast: Flame Tongue      |    40 |    21 ||    61
       Throw Flame       |    33 |    63 ||    96
  Use: Scroll            |     7 |     7 ||    14
  Eat: Chunk             |     4 |     7 ||    11
Armor: Robe              |     7 |     5 ||    12
Dodge: Dodged            |    17 |    24 ||    41

Vault maps used:
D:1:      noname_arrival_rooms_in_the_neighbourhood, serial_bayou_lagoon_b
D:2:      first_bread, bloody_trog
D:3:      kennysheep_potato
D:4:      minitemple, xom_redecorated, ashenzari_conservatory_becter,
          minmay_vboxes
D:5:      lemuel_ice_spiral_2, minmay_temple_entry_junction, wad_floor_pattern_2
D:6:      kennysheep_nub, nicolae_zen_rock_garden, nemelex_dance_club_becter,
          uniq_duvessa
Temple:   hc_temple_tempest_star

Table legend:
 A = Turns spent in this place as a percentage of turns spent in the entire game.
 B = Non-inter-level travel turns spent in this place as a percentage of non-inter-level travel turns spent in the entire game.
 C = Inter-level travel turns spent in this place as a percentage of turns spent in this place.
 D = Turns resting spent in this place as a percentage of non-inter-level travel turns spent in this place.
 E = Turns spent auto-exploring this place as a percentage of non-inter-level travel turns spent in this place.
 F = Non-inter-level travel turns spent in this place divided by the number of levels of this place that you've seen.
                   A       B       C       D       E      F
               +-------+-------+-------+-------+-------+----------------------
         Total | 100.0 | 100.0 |   0.8 |  11.7 |  11.3 | 133.9
       Dungeon |  98.7 |  98.8 |   0.8 |  11.9 |  11.2 | 154.3
        Temple |   1.3 |   1.2 |   8.3 |   0.0 |  18.2 |  11.0
               +-------+-------+-------+-------+-------+----------------------

Table legend:
 A = Kills in this place as a percentage of kills in entire the game.
 B = Kills by you in this place as a percentage of kills by you in the entire game.
 C = Kills by friends in this place as a percentage of kills by friends in the entire game.
 D = Other kills in this place as a percentage of other kills in the entire game.
 E = Experience gained in this place as a percentage of experience gained in the entire game.
 F = Experience gained in this place divided by the number of levels of this place that you have seen.
                   A       B       C       D       E      F
               +-------+-------+-------+-------+-------+----------------------
         Total | 100.0 | 100.0 |  -nan |  -nan | 100.0 |  73.9
       Dungeon | 100.0 | 100.0 |  -nan |  -nan | 100.0 |  86.2
               +-------+-------+-------+-------+-------+----------------------
